 Dungeon Crawl Stone Soup version 0.29.0-4-gdea44cf6ec (webtiles) character file.

Game seed: 12773021111435676257

4 qw the Chopper (level 1, -3/12 HPs)
             Began as a Tengu Warper on Aug 28, 2022.
             Slain by a quokka (4 damage)
             ... on level 1 of the Dungeon.
             The game lasted 00:00:03 (109 turns).

qw the Chopper (Tengu Warper)                        Turns: 109, Time: 00:00:03

Health: -3/12      AC:  3    Str: 11    XL:     1   Next: 60%
Magic:  4/4        EV: 11    Int: 13    God:
Gold:   18         SH:  0    Dex: 13    Spells: 4/4 levels left

rFire   . . .      SeeInvis .   a - +0 hand axe
rCold   . . .      Faith    .   (no shield)
rNeg    . . .      Spirit   .   b - +0 leather armour
rPois   .          Reflect  .   (helmet restricted)
rElec   .          Harm     .   (no cloak)
rCorr   .          Rampage  .   (no gloves)
Will    .....                   (boots unavailable)
Stlth   +.........              (no amulet)
HPRegen 0.04/turn               (no ring)
MPRegen 0.09/turn               (no ring)

@: no status effects
A: beak, talons 3
a: no special abilities


You were on level 1 of the Dungeon.
You visited 1 branch of the dungeon, and saw 1 of its levels.

You collected 18 gold pieces.


Innate Abilities, Weirdness & Mutations

You have a beak for a mouth.
You have claws for feet.


   Skills:
 - Level 2.0 Fighting
 + Level 2.6 Axes
 - Level 1.0 Throwing
 - Level 1.1 Armour
 - Level 2.1 Dodging
 - Level 2.0 Spellcasting
 - Level 2.4 Translocations


You had 4 spell levels left.
You didn't know any spells.
Your spell library contained the following spells:

 Spells                   Type           Power      Damage    Failure   Level
 Blink                    Tloc           14%        N/A       19%         2
 Gell's Gravitas          Tloc           7%         N/A       36%         3
 Lesser Beckoning         Tloc           7%         N/A       36%         3
 Teleport Other           Tloc           7%         N/A       36%         3
 Manifold Assault         Tloc           7%         N/A       98%         5

Inventory:

Hand Weapons
 a - a +0 hand axe (weapon)
 f - a +0 whip
Missiles
 d - 3 boomerangs of dispersal (quivered)
 e - 3 boomerangs
Armour
 b - a +0 leather armour (worn)
Scrolls
 c - a scroll of blinking
 g - a scroll of amnesia {unknown}
 h - a scroll of vulnerability {unknown}

Dungeon Overview and Level Annotations

Branches:
Dungeon (1/15)

Altars:


Message History

A ball python comes into view.
The ball python hisses angrily.
The ball python moves out of view.
You now have 18 gold pieces (gained 7).
You barely miss the ball python. Your kick misses the ball python.
The ball python barely misses you. The ball python closely misses you.
You closely miss the ball python. Your kick misses the ball python.
You peck the ball python.
You kill the ball python! 2 jackals come into view.
The jackal barks!
A jackal comes into view.
102 ||| Stepping ~*~*~tactically~*~*~ (stealth).
A quokka comes into view.
You hit the jackal. Your peck misses the jackal. You punch the jackal.
The jackal is heavily wounded.
The jackal barely misses you. The jackal bites you.
You barely miss the jackal.
The jackal is heavily wounded.
You hit the jackal but do no damage.
The jackal bites you but does no damage.
The jackal misses you.
The jackal bites you but does no damage.
You hit the jackal.
You kill the jackal!
You barely miss the jackal. You hit the jackal.
The jackal is almost dead.
The jackal stops to sniff the ground.
The jackal bites you. The jackal barely misses you. The jackal bites you.
You closely miss the jackal. Your kick misses the jackal.
The jackal is severely wounded.
You hit the quokka but do no damage. You hit the jackal but do no damage.
The jackal closely misses you. The jackal barely misses you.
The quokka bites you. The jackal bites you.
You hit the jackal but do no damage. Your kick misses the jackal.
The jackal is severely wounded.
You hit the jackal. You hit the quokka. The jackal bites you.
The quokka bites you.
You die...

..# .......#.. .......#.#
.......#.# . .......#.# . ##
#.......#.# .###.#
#..?..).#.###.#..###
#......h#r.[.......#
#....##h@..#...#...#
##..#.##..8...8...8.#
#...........#...#...#
#..#.##>.#.###.###. .
#...........#...#... ###
.....##.##...8...8...8.# ..#
### #.##)....#...#....!
#.#########.###.#.###.###..#.
PPPPPPPPP##..##....#...#...#


You could see a quokka and 2 jackals.

Vanquished Creatures
  A jackal (D:1)
  A ball python (D:1)
  A frilled lizard (D:1)
  A goblin (D:1)
  A kobold (D:1)
5 creatures vanquished.

Vanquished Creatures (others)
  6 plants (D:1)
6 creatures vanquished.

Grand Total: 11 creatures vanquished

Notes
Turn   | Place    | Note
-------+----------+-------------------------------------------
     0 | D:1      | qw the Tengu Warper began the quest for the Orb.
     0 | D:1      | Reached XP level 1. HP: 12/12 MP: 4/4
     0 | D:1      | 0 ||| qw: Version: 0.1-a-89-g26bdef1
     0 | D:1      | 0 ||| qw: Game counter: 239
     0 | D:1      | 0 ||| qw: Always use a shield: true
     0 | D:1      | 0 ||| qw: God list: Okawaru
     0 | D:1      | 0 ||| qw: Allow faded altars: false
     0 | D:1      | 0 ||| qw: Do Orc after D:15 true
     0 | D:1      | 0 ||| qw: Do second Lair branch before Depths: true
     0 | D:1      | 0 ||| qw: Lair rune preference: random
     0 | D:1      | 0 ||| qw: Plans: Normal
     0 | D:1      | 0 ||| PLANNING D:1-11
    20 | D:1      | 20 ||| Stepping ~*~*~tactically~*~*~ (stealth).
    21 | D:1      | 21 ||| Stepping ~*~*~tactically~*~*~ (stealth).
    22 | D:1      | 22 ||| Stepping ~*~*~tactically~*~*~ (stealth).
   102 | D:1      | 102 ||| Stepping ~*~*~tactically~*~*~ (stealth).
   108 | D:1      | HP: 2/12 [jackal (3)]
   109 | D:1      | Slain by a quokka

Levels and vault maps discovered:
D:1:      roderic_crop_circles_arrival_small, layout_loops_cross,
          minmay_misc_feat_four_crosses

Action                   || total
-------------------------++-------
Melee: Hand axe          ||    14
       Peck              ||     2
       Kick              ||     1
       Punch             ||     1
Throw: Boomerang         ||     4
Armor: Leather armour    ||     4
Dodge: Dodged            ||    10

Table legend:
 A = Non-vault XP
 B = Vault XP
 C = Vault XP percentage of total XP
 D = Non-vault monster count
 E = Vault monster count
 F = Vault count percentage of total count
                 A         B        C        D         E       F
            +---------+---------+-------+---------+---------+-------
      Total |       6 |       0 |   0.0 |       5 |       0 |   0.0
            +---------+---------+-------+---------+---------+-------
        D:1 |       6 |       0 |   0.0 |       5 |       0 |   0.0
            +---------+---------+-------+---------+---------+-------
